 Dungeon Crawl Stone Soup version 0.29.1 (webtiles) character file.

Game seed: 18258668879904517502

15 sleeves the Magician (level 2, -2/20 HPs)
             Began as a Ghoul Hedge Wizard on Sept 13, 2022.
             Shot with a sling bullet by a goblin (3 damage)
             ... on level 2 of the Dungeon.
             The game lasted 00:03:12 (1445 turns).

sleeves the Magician (Ghoul Hedge Wizard)           Turns: 1445, Time: 00:03:12

Health: -2/20      AC:  2    Str: 11 (13) XL:     2   Next: 50%
Magic:  1/5        EV: 11    Int:  6 (9)  God:
Gold:   41         SH:  0    Dex:  5 (8)  Spells: 6/7 levels left

rFire   . . .      SeeInvis .   a - +0 dagger
rCold   + . .      Faith    .   (no shield)
rNeg    + + +      Spirit   .   b - +0 robe
rPois   ∞          Reflect  .   c - +0 hat
rElec   .          Harm     .   (no cloak)
rCorr   .          Rampage  .   (no gloves)
Will    .....                   (no boots)
Stlth   +.........              (no amulet)
HPRegen 0.00/turn               (no ring)
MPRegen 0.09/turn               (no ring)

@: inhibited regen, hasted, very quick
A: claws 1, cold resistance 1, negative energy resistance 3, inhibited
regeneration, torment resistance 2, devour on kill
a: no special abilities


You were on level 2 of the Dungeon.
You visited 1 branch of the dungeon, and saw 2 of its levels.

You collected 41 gold pieces.

Inventory:

Hand Weapons
 a - a +0 dagger (weapon)
Armour
 b - a +0 robe (worn)
 c - a +0 hat (worn)
 i - a +0 cloak
   (You found it on level 1 of the Dungeon)
Scrolls
 e - a scroll of amnesia {unknown}
 f - a scroll of teleportation {unknown}
 j - 3 scrolls of fear {unknown}
Potions
 d - a potion of magic
 h - a potion of heal wounds {unknown}


   Skills:
 - Level 1.7 Dodging
 - Level 2.1 Stealth
 - Level 1.5 Unarmed Combat
 + Level 3.0 Spellcasting
 - Level 0.7 Conjurations
 - Level 0.8 Summonings
 - Level 0.8 Translocations


You had 6 spell levels left.
You knew the following spells:

 Your Spells              Type           Power      Damage    Failure   Level
a - Magic Dart            Conj           4%         1d3       28%         1

Your spell library contained the following spells:

 Spells                   Type           Power      Damage    Failure   Level
 Slow                     Hex            0%         N/A       36%         1
 Blink                    Tloc           2%         N/A       36%         2
 Call Imp                 Summ           1%         N/A       36%         2
 Conjure Flame            Conj/Fire      1%         6-21      67%         3
 Mephitic Cloud           Conj/Pois/Air  1%         N/A       71%         3


Dungeon Overview and Level Annotations

Branches:
Dungeon (2/15)

Altars:


Innate Abilities, Weirdness & Mutations

You are immune to poison.
You have sharp fingernails.
Your flesh is cold resistant. (rC+)
You are immune to negative energy. (rN+++)
You do not regenerate when monsters are visible.
You are immune to unholy pain and torment.
You thrive by killing the living.


Message History

Welcome, sleeves the Ghoul Hedge Wizard.
Will you be the one to retrieve the breathtaking Orb of Zot from the depths?
Press ? for a list of commands and other information.
Found 4 stones.
Found a staircase leading out of the dungeon.
Unknown command.
Okay, then.
You are now empty-clawed.
Unknown command.
a - a +0 dagger (weapon)
Unknown command.
Okay, then.
Okay, then.
You open the door.
There is an open door here.
You open the door.
There is an open door here.
You open the door.
There is an open door here.
You open the door.
There is an open door here.
You open the door.
There is an open door here.
You open the door.
There is an open door here.
Found 5 stones.
Found a stone staircase leading down.
There is a stone staircase leading down here.
Found an escape hatch in the floor.
Found 4 silver javelins.
e - a scroll labelled POKHUO NOHOHUG ICH A bat comes into view.
A bat is nearby!
You hit the bat.
The bat is severely wounded.
The bat hits you.
You hit the bat.
You kill the bat!
You feel better.
No target in view!
f - a scroll labelled EFUTOM CITAJORYN
g - a lumpy clear potion You now have 10 gold pieces.
A hobgoblin comes into view.
A hobgoblin is nearby!
The magic dart hits the hobgoblin.
The hobgoblin is heavily wounded.
You miscast Magic Dart.
You are very lightly contaminated with residual magic.
Nothing appears to happen.
You miscast Magic Dart.
Nothing appears to happen.
You are out of magic!
You hit the hobgoblin.
The hobgoblin is severely wounded.
The hobgoblin hits you but does no damage.
You hit the hobgoblin but do no damage.
The hobgoblin is severely wounded.
The hobgoblin completely misses you.
You hit the hobgoblin but do no damage.
The hobgoblin is severely wounded.
The hobgoblin closely misses you.
You barely miss the hobgoblin.
The hobgoblin is severely wounded.
The hobgoblin hits you but does no damage.
You hit the hobgoblin.
You kill the hobgoblin!
No target in view!
No target in view!
No target in view!
No target in view!
No target in view!
Your magical contamination has completely faded away.
Magic restored.
A kobold comes into view. It is wielding a +0 club.
A kobold is nearby!
A kobold is nearby!
A kobold is nearby!
The kobold shouts!
The kobold throws a stone.
The stone closely misses you.
You see here a ruby potion.
You hit the kobold.
The kobold is moderately wounded.
The kobold barely misses you.
You barely miss the kobold.
The kobold is moderately wounded.
The kobold closely misses you.
You closely miss the kobold.
The kobold is moderately wounded.
The kobold hits you but does no damage.
You barely miss the kobold.
The kobold is moderately wounded.
The kobold hits you with a +0 club.
You hit the kobold.
The kobold is severely wounded.
The kobold hits you but does no damage.
You hit the kobold but do no damage.
The kobold is severely wounded.
The kobold closely misses you.
You closely miss the kobold.
The kobold is severely wounded.
The kobold misses you.
You hit the kobold.
The kobold is severely wounded.
The kobold hits you with a +0 club.
You are too injured to fight recklessly!
You are too injured to fight recklessly!
You are too injured to fight recklessly!
You are too injured to fight recklessly!
You are too injured to fight recklessly!
You are too injured to fight recklessly!
You are too injured to fight recklessly!
You are too injured to fight recklessly!
Casting: Magic Dart (safe; 24% risk of failure)
Confirm with . or Enter, or press ? or * to list all spells.
Aiming: Magic Dart (safe; 24% risk of failure)
Press: ? - help, Shift-Dir - straight line, f - kobold
Aim: a kobold, wielding a +0 club and quivering stones (severely wounded, 100% to hit)
You miscast Magic Dart.
You are very lightly contaminated with residual magic.
Nothing appears to happen.
The kobold hits you with a +0 club.
Casting: Magic Dart (safe; 24% risk of failure)
Confirm with . or Enter, or press ? or * to list all spells.
Aiming: Magic Dart (safe; 24% risk of failure)
Press: ? - help, Shift-Dir - straight line, f/p - kobold
Aim: a kobold, wielding a +0 club and quivering stones (severely wounded, 100% to hit)
The magic dart hits the kobold.
You kill the kobold!
You feel better.
Your Unarmed Combat skill increases to level 1!
Your magical contamination has completely faded away.
HP restored.
h - a ruby potion
Things that are here:
a +0 club; a stone; a kobold corpse
Found a stone staircase leading down.
There is a stone staircase leading down here.
A hobgoblin comes into view.
A hobgoblin is nearby!
You miscast Magic Dart.
You are very lightly contaminated with residual magic.
Nothing appears to happen.
The magic dart hits the hobgoblin.
The hobgoblin is moderately wounded.
The hobgoblin shouts!
The magic dart hits the hobgoblin.
The hobgoblin is heavily wounded.
You are out of magic!
You are out of magic!
The hobgoblin hits you.
You barely miss the hobgoblin.
The hobgoblin is heavily wounded.
The hobgoblin hits you but does no damage.
You hit the hobgoblin.
The hobgoblin is severely wounded.
The hobgoblin barely misses you.
You closely miss the hobgoblin.
The hobgoblin is severely wounded.
The hobgoblin closely misses you.
Your magical contamination has completely faded away.
You barely miss the hobgoblin.
The hobgoblin is severely wounded.
The hobgoblin misses you.
You closely miss the hobgoblin.
The hobgoblin is severely wounded.
The hobgoblin barely misses you.
You hit the hobgoblin.
The hobgoblin is almost dead.
The hobgoblin closely misses you.
You hit the hobgoblin but do no damage.
The hobgoblin is severely wounded.
The hobgoblin hits you.
You are too injured to fight recklessly!
You are too injured to fight recklessly!
You are too injured to fight recklessly!
You are too injured to fight recklessly!
You are too injured to fight recklessly!
You are too injured to fight recklessly!
You are too injured to fight recklessly!
You are too injured to fight recklessly!
You are too injured to fight recklessly!
You are too injured to fight recklessly!
You hit the hobgoblin.
The hobgoblin is almost dead.
The hobgoblin misses you.
You barely miss the hobgoblin.
The hobgoblin is almost dead.
The hobgoblin barely misses you.
You hit the hobgoblin but do no damage.
The hobgoblin is almost dead.
The hobgoblin barely misses you.
You hit the hobgoblin.
You kill the hobgoblin!
You feel better.
You now have 26 gold pieces (gained 16).
A bat comes into view.
A bat is nearby!
A bat is nearby!
The bat barely misses you. The bat closely misses you.
You miss the bat. The bat closely misses you. The bat closely misses you.
You hit the bat.
The bat is heavily wounded.
The bat barely misses you. The bat hits you but does no damage.
The bat closely misses you. The bat hits you.
You closely miss the bat.
The bat is heavily wounded.
The bat hits you. The bat barely misses you.
You closely miss the bat.
The bat is heavily wounded.
The bat hits you.
You barely miss the bat.
The bat is heavily wounded.
The bat misses you. The bat barely misses you.
The bat hits you but does no damage. The bat barely misses you.
The bat hits you but does no damage. The bat hits you.
The bat barely misses you. The bat hits you but does no damage.
You hit the bat.
The bat is severely wounded.
The bat hits you. The bat hits you but does no damage.
You are too injured to fight recklessly!
You are too injured to fight recklessly!
You are too injured to fight recklessly!
You are too injured to fight recklessly!
You are too injured to fight recklessly!
You are too injured to fight recklessly!
You are too injured to fight recklessly!
You are too injured to fight recklessly!
You are too injured to fight recklessly!
You closely miss the bat.
The bat is severely wounded.
The bat barely misses you. The bat hits you but does no damage.
You hit the bat.
You kill the bat!
You see here a bat corpse.
Okay, then.
Unknown command.
You're too inexperienced to learn that spell!
i - a +0 cloak
Found a stone staircase leading down.
A quokka and a kobold come into view.
The quokka moves out of view.
The kobold shouts!
The kobold throws a stone.
The stone misses you.
A kobold comes into view. It is wielding a +0 club.
The kobold moves out of view.
The quokka attacks as you move away! The quokka barely misses you.
The quokka attacks as you move away! The quokka closely misses you.
The quokka attacks as you move away! The quokka barely misses you.
The quokka barely misses you.
You miscast Magic Dart.
You are very lightly contaminated with residual magic.
Nothing appears to happen.
The quokka bites you but does no damage.
The magic dart hits the quokka but does no damage.
The quokka barely misses you.
The magic dart hits the quokka.
The quokka is severely wounded.
The quokka bites you.
You are out of magic!
You are out of magic!
You hit the quokka but do no damage.
The quokka is severely wounded.
The quokka bites you.
* * * LOW HITPOINT WARNING * * *
You hit the quokka.
The quokka is almost dead.
The quokka closely misses you. The quokka misses you.
You hit the quokka.
You kill the quokka!
You have reached level 2!
You closely miss the kobold. The kobold hits you but does no damage.
Your magical contamination has completely faded away.
You completely miss the kobold. The kobold hits you but does no damage.
You completely miss the kobold. The kobold hits you with a +0 club.
* * * LOW HITPOINT WARNING * * *
You barely miss the kobold. The kobold hits you but does no damage.
You closely miss the kobold. Your claw misses the kobold.
The kobold closely misses you.
You hit the kobold.
The kobold is severely wounded.
The kobold misses you.
You hit the kobold but do no damage.
The kobold is severely wounded.
The kobold misses you.
You closely miss the kobold.
The kobold is severely wounded.
The kobold closely misses you.
You hit the kobold.
You kill the kobold!
You feel better.
You start resting.
Magic restored.
HP restored.
Things that are here:
a +0 club; 5 stones; a quokka corpse The kobold shouts!
A kobold is nearby!
A kobold is nearby!
The magic dart hits the kobold but does no damage.
The magic dart hits the kobold but does no damage.
The kobold hits you with a +0 club.
The magic dart hits the kobold.
The kobold is moderately wounded.
The kobold completely misses you.
You closely miss the kobold.
The kobold is moderately wounded.
The kobold hits you with a +0 club.
You hit the kobold.
The kobold is severely wounded.
The kobold barely misses you.
You hit the kobold.
You kill the kobold!
Things that are here:
a +0 club; a kobold corpse A frilled lizard comes into view.
A frilled lizard is nearby!
A frilled lizard is nearby!
The magic dart hits the frilled lizard.
You kill the frilled lizard!
You can't see any susceptible monsters within range! (Use Z to cast anyway.)
You can't see any susceptible monsters within range! (Use Z to cast anyway.)
Okay, then.
Okay, then.
A hobgoblin comes into view.
A hobgoblin is nearby!
A hobgoblin is nearby!
Found 3 scrolls labelled OSAWNA AMIGHUT.
The helpless hobgoblin fails to defend itself.
You hit the hobgoblin.
You kill the hobgoblin!
j - 3 scrolls labelled OSAWNA AMIGHUT You see here a frilled lizard corpse.
You now have 41 gold pieces (gained 15).
k - a fuming silvery potion
Things that are here:
a +0 club; a stone A frilled lizard comes into view.
The frilled lizard hisses angrily.
The magic dart hits the frilled lizard.
The frilled lizard is heavily wounded.
The magic dart hits the frilled lizard.
You kill the frilled lizard!
You can't see any susceptible monsters within range! (Use Z to cast anyway.)
You can't see any susceptible monsters within range! (Use Z to cast anyway.)
You see here 5 stones.
There is a stone staircase leading down here.
There is an escape hatch in the floor here.
Done exploring.
Done exploring.
Done exploring.
(D) Dungeon
Where to? (? - help)
There is an escape hatch in the floor here.
There is a stone staircase leading down here.
You climb downwards.
There is a stone staircase leading up here.
An endoplasm comes into view.
An endoplasm is nearby!
The endoplasm quivers.
You hit the endoplasm but do no damage. The endoplasm hits you.
You hit the endoplasm.
The endoplasm is lightly wounded.
The endoplasm freezes you.
You are frozen.
You resist.
You hit the endoplasm.
The endoplasm is severely wounded.
The endoplasm hits you but does no damage.
You hit the endoplasm but do no damage.
The endoplasm is severely wounded.
The endoplasm freezes you.
You are frozen.
You resist.
You hit the endoplasm but do no damage.
The endoplasm is severely wounded.
The endoplasm barely misses you.
You completely miss the endoplasm.
The endoplasm is severely wounded.
The endoplasm freezes you.
You are frozen.
You resist.
You hit the endoplasm but do no damage.
The endoplasm is severely wounded.
The endoplasm misses you.
You hit the endoplasm.
The endoplasm is almost dead.
The endoplasm freezes you.
You are frozen.
You resist.
You hit the endoplasm.
You kill the endoplasm!
Your Spellcasting skill increases to level 3!
No target in view!
No target in view!
No target in view!
No target in view!
No target in view!
No target in view!
No target in view!
Magic restored.
HP restored.
A bat comes into view.
The bat misses you. The bat hits you but does no damage.
The magic dart hits the bat.
The bat is severely wounded.
The bat completely misses you.
You miscast Magic Dart.
You are very lightly contaminated with residual magic.
Nothing appears to happen.
The bat closely misses you.
You miscast Magic Dart.
Nothing appears to happen.
The bat hits you but does no damage.
The magic dart hits the bat.
The bat is severely wounded.
The bat closely misses you.
The magic dart hits the bat.
You kill the bat!
* * * LOW MAGIC WARNING * * *
You are out of magic!
Your magical contamination has completely faded away.
Found a spear.
An adder comes into view.
An adder is nearby!
An adder is nearby!
The adder hisses angrily.
The magic dart hits the adder.
The adder is lightly wounded.
The magic dart hits the adder but does no damage.
The adder is lightly wounded.
The adder barely misses you.
The magic dart hits the adder.
The adder is moderately wounded.
The adder barely misses you.
The magic dart hits the adder but does no damage.
The adder is moderately wounded.
The adder bites you. x2
You miscast Magic Dart.
You are very lightly contaminated with residual magic.
Nothing appears to happen.
* * * LOW MAGIC WARNING * * *
The adder bites you.
You are out of magic!
You miss the adder.
The adder is moderately wounded.
The adder misses you.
You hit the adder.
The adder is moderately wounded.
The adder bites you. The adder misses you.
You barely miss the adder.
The adder is moderately wounded.
The adder misses you.
You hit the adder but do no damage.
The adder is moderately wounded.
The adder bites you.
Okay, then.
Unknown command.
Unknown command.
Unknown command.
Unknown command.
Unknown command.
You closely miss the adder.
The adder is moderately wounded.
The adder bites you.
* * * LOW HITPOINT WARNING * * *
You closely miss the adder.
The adder is moderately wounded.
The adder bites you.
* * * LOW HITPOINT WARNING * * *
The adder closely misses you.
Your magical contamination has completely faded away.
Casting: Magic Dart (safe; 22% risk of failure)
Confirm with . or Enter, or press ? or * to list all spells.
Aiming: Magic Dart (safe; 22% risk of failure)
Press: ? - help, Shift-Dir - straight line, f/p - adder
Aim: an adder (moderately wounded, 100% to hit)
You miscast Magic Dart.
You are very lightly contaminated with residual magic.
Nothing appears to happen.
* * * LOW MAGIC WARNING * * *
The adder completely misses you.
You hit the adder but do no damage.
The adder is moderately wounded.
The adder bites you.
* * * LOW HITPOINT WARNING * * *
You hit the adder but do no damage.
The adder is moderately wounded.
The adder misses you. The adder bites you.
* * * LOW HITPOINT WARNING * * *
It was a potion of degeneration.
There was something very wrong with that liquid.
You feel weakened.
You feel dopey.
You feel clumsy. The adder closely misses you.
You barely miss the adder.
The adder is moderately wounded.
The adder closely misses you.
It was a potion of haste.
You feel yourself speed up.
The adder bites you but does no damage. x2
Your magical contamination has completely faded away.
A goblin comes into view. It is wielding a +0 dagger.
The goblin shouts!
The goblin unwields a +0 dagger.
The goblin wields a +0 sling.
The goblin shoots a sling bullet.
The sling bullet hits you.
* * * LOW HITPOINT WARNING * * *
The goblin shoots a sling bullet.
The sling bullet hits you.
You die...

#..# #g.# # #..# # #. #..#
###.#.########..#
............S...####### ##.
#.......#.........#
#...#.##.##.#..######.#####
......#...#.#..@....#.....#
#..!........######...####.#
##..##....#)# #.#..# ..
..#..##.# #.##.... #
#..#.....# #.# ###..♣
..##..##.## #.# ♣.♣ ... ...
.# #.# ♣ ... ... # #.# #.
#... #.#


You could see an adder and a goblin.

Vanquished Creatures
  3 bats
  An endoplasm (D:2)
  3 hobgoblins (D:1)
  A quokka (D:1)
  2 frilled lizards (D:1)
  3 kobolds (D:1)
13 creatures vanquished.

Notes
Turn   | Place    | Note
-------+----------+-------------------------------------------
     0 | D:1      | sleeves the Ghoul Hedge Wizard began the quest for the Orb.
     0 | D:1      | Reached XP level 1. HP: 14/14 MP: 3/3
   210 | D:1      | Reached skill level 1 in Unarmed Combat
   701 | D:1      | HP: 7/14 [quokka (4)]
   704 | D:1      | Reached XP level 2. HP: 10/20 MP: 0/4
   706 | D:1      | HP: 9/20 [kobold/+0 club (1)]
  1264 | D:2      | Reached skill level 3 in Spellcasting
  1430 | D:2      | HP: 10/20 [adder (2)]
  1433 | D:2      | HP: 3/20 [adder (4)]
  1444 | D:2      | HP: 1/20 [goblin/sling bullet (1)]
  1445 | D:2      | Shot with a sling bullet by a goblin

Illustrated notes

Levels and vault maps discovered:
D:1:      dpeg_arrival_rhombi, layout_loops_ring
D:2:      layout_loops_ring, shapermc_ecumenical_altar_totnotflames,
          hangedman_decor_clover_reticule

Skill      XL: |  1  2 |
---------------+-------+-----
Unarmed Combat | 1 |  1.5
Spellcasting   | 3 |  3.0
Dodging        | |  1.7
Stealth        | |  2.1
Conjurations   | |  0.7
Summonings     | |  0.8
Translocations | |  0.8

Action                   || total
-------------------------++-------
Melee: Dagger            ||    68
 Cast: Magic Dart        ||    19
  Use: Potion            ||     2
 Stab: Sleeping          ||     1
Armor: Robe              ||    20
Dodge: Dodged            ||    57
